AoeStats
← ING.PATRICK

Arabia

504527734Analyzed
1v1 RM · 27d ago on Sep 5, 2026· 28m 35s· 2 players
Game mode
Random Map
Map size
Tiny (2 player)
Population
200
Speed
Normal
Resources
Standard
Victory
Conquest
Starting age
Dark Age
Ending age
Imperial Age
RankedLock teamsTeams togetherTeam positionsShared explorationLock speedFull tech treeHidden civsTurbo modeCheats
Victory
Defeat
🇵🇪 Inca · Peru
1135
+15
🇩🇪 Magyars · Germany
1114
-15
Voladin
6:41 Loom
9:29 Feudal Age
16:39 Fletching
23:36 Castle Age
21:50 Double-Bit Axe
26:11 Bodkin Arrow
ING.PATRICK
7:20 Loom
9:46 Feudal Age
10:22 Double-Bit Axe
10:16 Champi Runner
17:32 Scale Mail Armor
19:37 Arson
20:50 Fletching
26:06 Castle Age
24:50 Forging
26:13 Champi Warrior
26:53 Squires
27:09 Chain Mail Armor
26:17 Elite Skirmisher
Connection lost

Rejoining the realm…

Still unreachable

The connection could not be restored.

Session expired

The server has moved on; the page needs a fresh start.